 Dungeon Crawl Stone Soup version 0.31.0-32-g396128a36d (webtiles) character file.

Game seed: 15592528829355385754

71274 GiantSquids the Executioner (level 15, -3/207 HPs)
             Began as a Hill Orc Berserker on Apr 18, 2024.
             Was the Champion of Trog.
             Succumbed to poison (poison gas)
             ... on level 5 of the Lair of Beasts.
             The game lasted 00:56:43 (25154 turns).

GiantSquids the Executioner (Hill Orc Berserker)   Turns: 25154, Time: 00:56:45

Health: -3/207     AC: 23    Str: 28    XL:     15   Next: 36%
Magic:  15/15      EV: 10    Int:  7    God:    Trog [******]
Gold:   2048       SH:  0    Dex: 10    Spells: 14/14 levels left

rFire   . . .        a - +7 executioner's axe (venom)
rCold   + . .        (shield currently unavailable)
rNeg    . . .        j - +0 plate armour
rPois   .            H - +2 helmet
rElec   .            (no cloak)
rCorr   .            L - +2 pair of gloves
SInv    .            z - +0 pair of boots
Will    ++++.        n - amulet of faith Stlth
                     o - ring of willpower
HPRegen 1.54/turn    M - ring of protection from cold
MPRegen 0.14/turn

%: faith
@: berserking, lethally poisoned (-3 -> -82), strong-willed, regenerating, very
quick
A: no striking features
a: Renounce Religion, Berserk, Trog's Hand, Brothers in Arms


You were on level 5 of the Lair of Beasts.
You worshipped Trog.
Trog was exalted by your worship.
You visited 3 branches of the dungeon, and saw 21 of its levels.
You also visited: Ossuary.

You collected 2200 gold pieces.
You spent 152 gold pieces at shops.

Inventory:

Hand Weapons
 a - a +7 executioner's axe of venom (weapon)
 b - the +7 battleaxe of Law {flame, Stlth+}
   (Trog gifted it to you on level 4 of the Lair of Beasts)

   Stlth+:    It makes you more stealthy.
 c - a +3 antimagic battleaxe
Missiles
 C - 15 boomerangs (quivered)
Armour
 j - a +0 plate armour (worn)
 z - a +0 pair of boots (worn)
 H - a +2 helmet (worn)
 L - a +2 pair of gloves (worn)
Jewellery
 n - an amulet of faith (around neck)
 o - a ring of willpower (left hand)
 F - the ring "Pusiluro" {Fire Will+ Int+3}
   (You found it on level 2 of the Lair of Beasts)

   [ring of fire]

   Fire:      It enhances your fire magic.
   Int+3:     It affects your intelligence (+3).
   rF+:       It protects you from fire.
   rC-:       It makes you vulnerable to cold.
   Will+:     It increases your willpower.
 M - a ring of protection from cold (right hand)
 O - a ring of positive energy
Wands
 i - a wand of light (9)
 p - a wand of mindburst (3)
 s - a wand of flame (15)
 w - a wand of roots (23)
 y - a wand of digging (7)
Scrolls
 e - 9 scrolls of teleportation
 f - a scroll of butterflies
 g - 5 scrolls of revelation
 l - 2 scrolls of blinking
 t - 2 scrolls of poison
 u - 2 scrolls of identify
 v - 3 scrolls of enchant armour
 A - 4 scrolls of fog
 D - a scroll of silence
 K - 3 scrolls of immolation {unknown}
 N - 2 scrolls of fear {unknown}
Potions
 d - 2 potions of cancellation
 h - 4 potions of haste
 k - 13 potions of curing
 m - 3 potions of heal wounds {unknown}
 q - a potion of magic {unknown}
 r - 2 potions of attraction {unknown}
 x - 2 potions of enlightenment {unknown}
 B - 15 potions of ambrosia
 E - 2 potions of resistance {unknown}
 G - 3 potions of berserk rage {unknown}
 I - a potion of mutation {unknown}
 J - 4 potions of might {unknown}


   Skills:
 + Level 14.0 Fighting
 + Level 25.0 Axes
 + Level 11.8 Armour
 + Level 8.0 Dodging


You had 14 spell levels left.
You didn't know any spells.
Your spell library was empty.

Dungeon Overview and Level Annotations

Branches:
Dungeon (14/15)            Temple (0/1) D:5            Lair (5/5) D:11
  Swamp (0/4) Lair:2        Snake (0/4) Lair:3        Slime (0/5) Lair:4
    Orc (2/2) D:10            Elf (0/3) Orc:2       Ossuary (visited)
 Vaults: D:13-14

Altars:
Ashenzari
Elyvilon
Fedhas
Hepliaklqana
Okawaru
Trog
Xom
Zin
The Shining One
Beogh
Jiyva

Shops:
D:8 *   D:12 ?   D:13 *   Orc:2 ??[

Annotations:
D:3 exclusion: 3 doors
D:14 1 transporter, spaghetti's ghost, journeyman NaCK
Orc:2 2 transporters, jimmypageman's ghost, journeyman MiFi


Message History

You hear a roar!
You are engulfed in poison gas.
You are more poisoned.
You feel extremely sick.
You see here a swamp dragon corpse.
You closely miss the ice dragon.
You are engulfed in poison gas.
You are lethally poisoned!
* * * LOW HITPOINT WARNING * * *
x2 You feel extremely sick.
The ice dragon barely misses you. The ice dragon closely misses you. x2
You slash the ice dragon!
The ice dragon is lightly wounded.
You are engulfed in poison gas.
You are more poisoned.
* * * LOW HITPOINT WARNING * * *
x2 You feel extremely sick.
You carve the ice dragon like a ham!!!
The ice dragon is heavily wounded.
* * * LOW HITPOINT WARNING * * *
You feel extremely sick. The ice dragon bites you.
* * * LOW HITPOINT WARNING * * *
The ice dragon claws you but does no damage.
The ice dragon tramples you!
* * * LOW HITPOINT WARNING * * *
You stumble backwards!
You carve the ice dragon like a ham!!!
The ice dragon looks as sick as possible!
The ice dragon is almost dead.
You are engulfed in poison gas.
You are more poisoned.
* * * LOW HITPOINT WARNING * * *
x2 You feel extremely sick.
You hit the ice dragon.
You kill the ice dragon!
Trog accepts your kill.
You are engulfed in poison gas.
You are more poisoned.
* * * LOW HITPOINT WARNING * * *
You die...

♣♣♣ ~ ♣..
≈~..♣~.♣♣♣
≈≈~~...†@♣♣
≈≈≈≈~≈≈~..♣♣
~~≈≈.~.≈~P.♣♣
P.....~.~...♣
♣$...$.~♣≈..♣
♣)[(?[♣♣♣≈≈.♣
.~♣♣♣[$.(!♣♣~≈..♣
≈~P♣♣♣.♣♣♣~~..♣♣
♣♣
≈≈..♣♣♣♣♣.....♣


There were no monsters in sight!

Vanquished Creatures
  Erolcha (Orc:1)
  Fannar (Lair:1)
  An ice dragon (Lair:5)
  3 boulder beetles
  2 hydras
  4 two-headed ogres
  4 catoblepae
  The ghost of S4ndwich the Fighter, a novice MiFi of Wu Jian (D:9)
  2 anacondas
  6 death yaks (Lair:5)
  2 orc high priests (Orc:2)
  A skyshark (Lair:4)
  3 skeletal warriors (D:13)
  A swamp dragon (Lair:5)
  2 bog bodies (Lair:2)
  An oklob plant (Lair:2)
  An ugly thing (D:12)
  3 manticores
  6 cyclopes
  4 orc sorcerers (Orc:2)
  11 elephants (Lair:4)
  2 black mambas
  The ghost of niqqerapist the Thaumaturge, a novice DECj of Yredelemnul (D:6)
  A naga mage (D:13)
  6 gargoyles
  8 cane toads
  A tengu conjurer (D:13)
  4 rime drakes
  10 trolls
  13 komodo dragons
  A polar bear (Lair:5)
  A queen bee (D:10)
  17 blink frogs
  A meliai zombie (D:13)
  9 slime creatures
  3 vampires
  7 wraiths
  The ghost of TerraPolaris the Ruffian, an amateur TrFi (D:3)
  A spriggan (Lair:5)
  4 shadows
  33 yaks
  3 wyverns
  An unseen horror simulacrum (D:6)
  Grum (D:8)
  9 basilisks
  2 steam dragons
  7 vampire mosquitoes
  3 wargs
  4 nagas (Lair:3)
  14 water moccasins
  4 acid dragons
  The ghost of panicmichael the Apothecary, an amateur SpAl (D:3)
  A swamp drake (Lair:5)
  4 ice beasts
  15 orc warriors
  3 black bears (D:6)
  2 sky beasts
  8 ogres
  16 wolves
  4 centaurs
  2 kobold brigands
  A weeping skull (Ossuary)
  12 bullfrogs
  3 gnoll sergeants
  3 scorpions
  9 water moccasin zombies (Ossuary)
  12 wights
  42 killer bees
  The ghost of bigmatt the Digger, a weakling DgEE (D:3)
  2 electric eels
  5 howler monkeys
  A bombardier beetle (D:4)
  4 centaur zombies
  4 hounds
  A centaur skeleton (D:6)
  11 jellies
  29 orc priests
  2 gnoll boudas
  A sleepcap (D:6)
  Jessica (D:3)
  Ijyb (D:4)
  4 iguanas
  40 orc wizards
  5 hell rats (Lair:4)
  A bullfrog simulacrum (Ossuary)
  A crocodile zombie (Ossuary)
  3 mummies
  A howler monkey zombie (D:6)
  14 gnolls
  6 adders
  2 white imps (D:7)
  4 ufetubi (D:5)
  4 adder zombies (Ossuary)
  2 ribbon worms
  A dart slug (D:2)
  63 orcs
  4 ball pythons
  7 endoplasms
  6 giant cockroaches
  8 gnoll zombies (Ossuary)
  5 goblins
  6 hobgoblins
  6 jackals
  2 quokkas
  6 bats
  3 frilled lizards
  5 jackal zombies (Ossuary)
  14 kobolds
  2 orc zombies (Ossuary)
  6 rats
  A spectral goblin (D:4)
665 creatures vanquished.

Vanquished Creatures (others)
  An orc priest (Orc:2)
  An iguana (Lair:5)
2 creatures vanquished.

Grand Total: 667 creatures vanquished

Notes
Turn   | Place    | Note
-------+----------+-------------------------------------------
     0 | D:1      | GiantSquids the Hill Orc Berserker began the quest for the
                  | Orb.
     0 | D:1      | Reached XP level 1. HP: 19/19 MP: 1/1
   177 | D:1      | Reached XP level 2. HP: 24/27 MP: 2/2
   841 | D:2      | Reached XP level 3. HP: 32/33 MP: 3/3
   841 | D:2      | Reached ** piety under Trog
   902 | D:2      | Reached skill level 5 in Axes
   904 | D:2      | Found a faded altar of an unknown god.
  1050 | D:2      | Reached XP level 4. HP: 30/40 MP: 4/4
  1589 | D:3      | Found a runed translucent gate.
  1589 | D:3      | Found a runed translucent gate.
  1591 | D:3      | Found a runed translucent gate.
  1595 | D:3      | Noticed bigmatt's ghost (weakling DgEE)
  1595 | D:3      | Noticed TerraPolaris's ghost (amateur TrFi)
  1595 | D:3      | Noticed panicmichael's ghost (amateur SpAl)
  1708 | D:3      | Found a glowing golden altar of the Shining One.
  1829 | D:3      | Noticed Jessica
  1837 | D:3      | Killed Jessica
  1838 | D:3      | Reached skill level 6 in Axes
  1838 | D:3      | Reached XP level 5. HP: 47/47 MP: 5/5
  2055 | D:4      | Found a sand-covered staircase.
  2193 | Ossuary  | Entered an ossuary
  2319 | Ossuary  | Reached skill level 5 in Fighting
  2319 | Ossuary  | Reached XP level 6. HP: 40/56 MP: 6/6
  2404 | Ossuary  | Reached skill level 7 in Axes
  2421 | Ossuary  | Reached *** piety under Trog
  2500 | Ossuary  | Reached XP level 7. HP: 50/61 MP: 7/7
  2530 | Ossuary  | Reached skill level 8 in Axes
  2696 | Ossuary  | Reached skill level 5 in Armour
  2949 | D:4      | Reached skill level 9 in Axes
  2949 | D:4      | Reached XP level 8. HP: 50/70 MP: 8/8
  3046 | D:4      | Noticed Ijyb
  3055 | D:4      | Killed Ijyb
  3310 | D:4      | Found a broken altar of Ashenzari.
  3676 | D:4      | Found a hazy altar of Hepliaklqana.
  4214 | D:4      | Reached skill level 10 in Axes
  4218 | D:4      | Reached **** piety under Trog
  4565 | D:3      | Killed panicmichael's ghost
  4579 | D:3      | Killed TerraPolaris's ghost
  4580 | D:3      | Reached skill level 11 in Axes
  4590 | D:3      | Killed bigmatt's ghost
  4701 | D:5      | Entered Level 5 of the Dungeon
  4755 | D:5      | Reached XP level 9. HP: 75/79 MP: 9/9
  5028 | D:5      | Reached skill level 12 in Axes
  5030 | D:5      | HP: 3/81 [poisoned by an orc wizard]
  5366 | D:5      | Found a staircase to the Ecumenical Temple.
  6148 | D:5      | Found a blossoming altar of Fedhas.
  6457 | D:6      | Found a runed translucent gate.
  6457 | D:6      | Found a runed translucent gate.
  6458 | D:6      | Found a runed translucent gate.
  6463 | D:6      | Noticed niqqerapist's ghost (novice DECj)
  6478 | D:6      | Reached skill level 13 in Axes
  6513 | D:6      | Found an iron altar of Okawaru.
  6571 | D:6      | Reached ***** piety under Trog
  6894 | D:6      | Reached skill level 14 in Axes
  7259 | D:6      | Reached XP level 10. HP: 54/91 MP: 10/10
  7269 | D:6      | Killed niqqerapist's ghost
  7270 | D:6      | Reached skill level 15 in Axes
  8222 | D:7      | Reached skill level 16 in Axes
  8274 | D:7      | Noticed a gargoyle
  8281 | D:7      | Killed a gargoyle
  8356 | D:7      | Noticed a gargoyle
  8364 | D:7      | Killed a gargoyle
  8464 | D:7      | Noticed a gargoyle
  8468 | D:7      | Killed a gargoyle
  8469 | D:7      | Reached skill level 17 in Axes
  8473 | D:7      | Noticed a gargoyle
  8479 | D:7      | Killed a gargoyle
  9094 | D:8      | Received a gift from Trog
  9377 | D:8      | Reached skill level 18 in Axes
  9377 | D:8      | Reached XP level 11. HP: 68/97 MP: 11/11
  9405 | D:8      | Noticed Grum
  9546 | D:8      | Found Zin's Purification Station.
  9550 | D:8      | Found a glowing silver altar of Zin.
  9606 | D:8      | Killed Grum
 10141 | D:9      | Found a runed translucent door.
 10142 | D:9      | Noticed S4ndwich's ghost (novice MiFi)
 10386 | D:9      | Reached skill level 19 in Axes
 11488 | D:9      | Killed S4ndwich's ghost
 11489 | D:9      | Reached skill level 20 in Axes
 11551 | D:10     | Entered Level 10 of the Dungeon
 11662 | D:10     | Found a staircase to the Orcish Mines.
 11751 | D:10     | Received a gift from Trog
 11884 | D:10     | Found a white marble altar of Elyvilon.
 11912 | D:10     | Noticed a manticore
 11922 | D:10     | Killed a manticore
 12013 | D:10     | Noticed a two-headed ogre
 12030 | D:10     | Killed a two-headed ogre
 12341 | D:10     | Reached XP level 12. HP: 84/105 MP: 12/12
 13017 | D:11     | Found a staircase to the Lair.
 13166 | D:11     | Reached skill level 10 in Fighting
 13352 | D:11     | Reached skill level 21 in Axes
 13852 | D:11     | Reached ****** piety under Trog
 14314 | D:12     | Noticed a two-headed ogre
 14327 | D:11     | Killed a two-headed ogre
 14491 | D:12     | Found Huajes's Magic Scroll Shop.
 14499 | D:12     | Bought a scroll of identify for 32 gold pieces
 14544 | D:12     | Received a gift from Trog
 15128 | D:12     | Identified the +9 flail of Emiu {freeze, rF+}
 15450 | D:12     | Noticed a two-headed ogre
 15455 | D:12     | Killed a two-headed ogre
 15732 | D:13     | Reached XP level 13. HP: 75/116 MP: 13/13
 16121 | D:13     | Reached skill level 22 in Axes
 16166 | D:13     | Reached skill level 5 in Dodging
 16381 | D:13     | Found Xyrucsi's Serpentskin Sales.
 17541 | D:14     | Found a transporter.
 17547 | D:14     | Noticed a tengu reaver
 17550 | D:14     | Noticed spaghetti's ghost (journeyman NaCK)
 17627 | Orc:1    | Entered Level 1 of the Orcish Mines
 17843 | Orc:2    | Entered Level 2 of the Orcish Mines
 18002 | Orc:1    | Noticed Erolcha
 18002 | Orc:1    | Found a roughly hewn altar of Beogh.
 18011 | Orc:1    | Killed Erolcha
 18014 | Orc:1    | Received a gift from Trog
 18413 | Orc:2    | Found a transporter.
 18416 | Orc:2    | Found a transporter.
 18417 | Orc:2    | Found a bloodstained altar of Trog.
 18417 | Orc:2    | Noticed an ettin
 18431 | Orc:2    | Noticed jimmypageman's ghost (journeyman MiFi)
 18444 | Orc:2    | Found a shimmering altar of Xom.
 19096 | Orc:2    | Received a gift from Trog
 19142 | Orc:2    | Found a staircase to the Elven Halls.
 19170 | Orc:2    | Reached skill level 23 in Axes
 19516 | Orc:2    | Found Perulira's Book Shoppe.
 19516 | Orc:2    | Found Unoinia's Magic Scroll Emporium.
 19517 | Orc:2    | Found Coavul's Magic Scroll Emporium.
 19521 | Orc:2    | Found Rowaism's Antique Armour Shoppe.
 19527 | Orc:2    | Bought a scroll of enchant weapon for 120 gold pieces
 19784 | Lair:1   | Entered Level 1 of the Lair of Beasts
 19784 | Lair:1   | Noticed Fannar
 19794 | Lair:1   | Killed Fannar
 19795 | Lair:1   | Reached XP level 14. HP: 126/126 MP: 14/14
 19811 | Lair:1   | Identified the +5 war axe "Eroqunn" {vamp, rPois rC+ MP+9}
 19995 | Lair:1   | Reached skill level 24 in Axes
 20182 | Lair:1   | HP: 4/189 [catoblepas (14)]
 20189 | Lair:1   | HP: 1/189 [catoblepas/blast of calcifying dust (5)]
 20192 | Lair:1   | Reached skill level 10 in Armour
 20605 | Lair:1   | Received a gift from Trog
 21129 | Lair:2   | Found a staircase to the Swamp.
 21257 | Lair:2   | Identified the ring "Pusiluro" {Fire Will+ Int+3}
 22263 | Lair:3   | Found a staircase to the Snake Pit.
 23126 | Lair:4   | Found a staircase to the Slime Pits.
 23126 | Lair:4   | Found a viscous altar of Jiyva.
 23130 | Lair:4   | Identified the +7 battleaxe of Law {flame, Stlth+} (Trog
                  | gifted it to you on level 4 of the Lair of Beasts)
 23130 | Lair:4   | Received a gift from Trog
 23532 | Lair:4   | Reached XP level 15. HP: 132/136 MP: 15/15
 23993 | Lair:5   | Entered Level 5 of the Lair of Beasts
 25135 | Lair:5   | Reached skill level 25 in Axes
 25153 | Lair:5   | HP: 7/207 [poison (poison gas)]
 25154 | Lair:5   | Succumbed to poison (poison gas)

Illustrated notes

Levels and vault maps discovered:
D:1:      lightli_arrival_statuegarden, layout_basic, minmay_liquid_box,
          minmay_bisected
D:2:      layout_rooms, shapermc_ecumenical_altar_starsandcircs,
          minmay_tiny_reverse_x
D:3:      layout_rooms, mainiacjoe_overflow_six_doors_small,
          gammafunk_ghost_cemetery, uniq_jessica
D:4:      layout_layer_cave, evilmike_ruin_ashenzari,
          nicolae_hepliaklqana_monster_ancestors, gup_ossuary_entry_pyramid,
          kennysheep_generic_room_5, uniq_ijyb
D:5:      layout_loops_corners, lemuel_crystal_altar, temple_statues
D:6:      layout_cave_pods, okawaru_metal_pillars_1_2,
          gammafunk_ghost_necromancy, hangedman_abyss_or_decor_lesser_grid,
          nicolae_figureground_pulse
D:7:      cheibrodos_statue_roulette, layout_basic
D:8:      layout_basic, zin_purify, minivault_23, uniq_grum
D:9:      layout_layer_cave, gammafunk_ghost_grave
D:10:     minmay_opposing_rooms, layout_basic,
          mainiacjoe_overflow_small_starburst, david_orc_3, special_room
          [special_room_bee]
D:11:     layout_stronghold, lair_entry_dummy
D:12:     layout_grid_maze, serial_shops, shop
D:13:     layout_roguey, serial_undead, serial_undead_f, serial_undead_d,
          serial_undead_c, serial_undead_f, guppyfry_shop_venom
D:14:     hangedman_cross_stitches, layout_small_grid, david_vaults_1,
          gammafunk_ghost_arena, st_stairs_4
Lair:1:   layout_hall_layers, nicolae_lair_grazing_beasts
          [nicolae_sub_lair_graze_edge, nicolae_sub_lair_graze_edge,
          nicolae_sub_lair_graze_edge, nicolae_sub_lair_graze_edge], uniq_fannar
Lair:2:   layout_regular_city, skrybe_swamp_entry_bodies,
          infiniplex_staircase_pool
Lair:3:   layout_loops_ring, minmay_snake_entry_guardpost_small,
          fungi_pond_lemuel, hangedman_lair_unloving_vines
Lair:4:   layout_roguey, minmay_slime_entry_jelly_boxes
Lair:5:   guppyfry_lair_end_dragon, layout_regular_city, wormcave,
          grunt_forest_large_clearing_hut, serial_bayou_shore_b,
          lemuel_fruit_fields, serial_bayou_shore_b, grunt_megastairs_5
Orc:1:    layout_caves, mines1_david, uniq_erolcha
Orc:2:    st_orc_mages, layout_diamond_mine, gammafunk_ghost_wrathful_warriors,
          basic_altar

Skill      XL: |  1  2  3  4  5  6  7  8  9 10 11 12 13 14 15 |
---------------+----------------------------------------------+-----
Fighting       | 4 5 6 7 9 11 12 13 14 | 14.0
Axes           | 5 6 7 9 11 14 18 20 21 23 24 25 | 25.0
Armour         | 3 4 5 6 8 9 11 | 11.8
Dodging        | 2 4 6 7 8 |  8.0

Action                     |  1- 3 |  4- 6 |  7- 9 | 10-12 | 13-15 || total
---------------------------+-------+-------+-------+-------+-------++-------
  Melee: Hand axe          |   115 |   222 |   255 |       |       ||   592
         Punch             |       |     3 |     3 |       |       ||     6
         Battleaxe         |       |       |   109 |   512 |   178 ||   799
         Executioner's axe |       |       |       |       |   521 ||   521
  Throw: Boomerang         |       |       |       |       |     1 ||     1
 Invoke: Berserk           |       |     1 |     4 |     5 |     9 ||    19
         Trog's Hand       |       |       |     1 |       |     3 ||     4
    Use: Scroll            |       |       |     8 |     7 |     9 ||    24
         Potion            |       |       |     1 |       |       ||     1
   Stab: Sleeping          |     1 |       |       |       |       ||     1
         Petrified         |       |       |       |       |     2 ||     2
 Armour: Animal skin       |    41 |       |       |       |       ||    41
         Plate armour      |    88 |   160 |   319 |   449 |   558 ||  1574
  Dodge: Dodged            |    56 |    61 |   127 |   149 |   228 ||   621
